 Dungeon Crawl Stone Soup version 0.26-a0-284-g73c0fb6129 (webtiles) character file.

Game seed: 2650579396284206886

301 Gargoyl the Skirmisher (level 6, -5/53 HPs)
             Began as a Centaur Abyssal Knight on July 13, 2020.
             Was a Believer of Lugonu.
             Slain by Edmund
             ... wielding a +1 flail of holy wrath
              (14 damage)
             ... on level 6 of the Dungeon.
             The game lasted 00:07:34 (3852 turns).

Gargoyl the Skirmisher (Centaur Abyssal Knight)     Turns: 3852, Time: 00:07:34

Health: -5/53      AC:  8    Str: 13 (14) XL:     6   Next: 14%
Magic:  8/8        EV:  8    Int:  9      God:    Lugonu [**....]
Gold:   144        SH:  0    Dex:  9 (11) Spells: 5/5 levels left

rFire    . . .     SeeInvis .   a - +1 hand axe
rCold    . . .     Faith    .   (no shield)
rNeg     . . .     Spirit   .   d - +0 chain mail
rPois    .         Reflect  .   (no helmet)
rElec    .         Harm     .   (no cloak)
rCorr    .                      (no gloves)
MR       .....                  (no barding)
Stlth    ..........             (no amulet)
HPRegen  0.17/turn              c - +4 ring of evasion
MPRegen  0.11/turn              (no ring)

@: very quick
A: large, hooves 3, deformed body, dopey 1, speed 2, tough skin 3
a: Depart the Abyss, Bend Space, Renounce Religion


You were on level 6 of the Dungeon.
You worshipped Lugonu.
Lugonu was pleased with you.
You visited 1 branch of the dungeon, and saw 6 of its levels.
You visited the Abyss 1 time.

You collected 144 gold pieces.

Inventory:

Hand Weapons
 a - a +1 hand axe (weapon)
Armour
 d - a +0 chain mail (worn)
Jewellery
 c - a +4 ring of evasion (left hand)
Scrolls
 b - 2 scrolls of identify
 e - a scroll of enchant armour
 f - a scroll of immolation


   Skills:
 + Level 4.4 Fighting
 + Level 3.0 Axes
 * Level 2.8 Armour
 * Level 1.4 Dodging
 * Level 3.1 Invocations


You had 5 spell levels left.
You didn't know any spells.
Your spell library was empty.

Dungeon Overview and Level Annotations

Branches:
Dungeon (6/15)
 Temple: D:4-7

Altars:
Elyvilon
Wu Jian
Zin
The Shining One

Annotations:
D:2 Purgy
D:3 Askman's ghost, amateur DsBr
D:6 Edmund


Innate Abilities, Weirdness & Mutations

You have hooves in place of feet.
Armour fits poorly on your strangely shaped body.
You cover ground very quickly.
You have extremely tough skin. (AC +3)
You are dopey. (Int -2)


Message History

Edmund hits you but does no damage.
Your chain mail prevents you from hitting Edmund.
Edmund is lightly wounded.
Edmund hits you but does no damage.
You barely miss Edmund.
Edmund is lightly wounded.
Edmund hits you with a +1 flail of holy wrath.
Edmund hits you with a +1 flail of holy wrath!
You closely miss Edmund.
Edmund is lightly wounded.
Edmund hits you with a +1 flail of holy wrath.
Your chain mail prevents you from hitting Edmund.
Edmund is lightly wounded.
Edmund hits you with a +1 flail of holy wrath.
Edmund hits you with a +1 flail of holy wrath!
* * * LOW HITPOINT WARNING * * *
You barely miss Edmund. Your kick misses Edmund.
Edmund is lightly wounded.
Edmund hits you with a +1 flail of holy wrath!
You die...

.###....##.#
...........#
#.# #.#
###.###
#.....#
##....(#
#.>..).#
#.@....#
#..@<..#
#.###### #.
#. #. #. #.
#.


You could see Edmund (berserk).

Vanquished Creatures
  An ogre (D:5)
  A hound (D:4)
  5 adders
  3 worms
  3 dart slugs
  2 leopard geckos
  An orc (D:4)
  8 giant cockroaches
  8 hobgoblins
  A quokka (D:3)
  11 bats
  4 frilled lizards
  10 goblins
  A jackal skeleton (D:6)
  9 kobolds
  5 rats
73 creatures vanquished.

Vanquished Creatures (collateral kills)
  A large abomination (Abyss:2)
1 creature vanquished.

Vanquished Creatures (others)
  A goblin (D:3)
1 creature vanquished.

Grand Total: 75 creatures vanquished

Notes
Turn   | Place    | Note
-------+----------+-------------------------------------------
     0 | Abyss:1  | Gargoyl the Centaur Abyssal Knight began the quest for the
                  | Orb.
     0 | Abyss:1  | Reached XP level 1. HP: 19/19 MP: 2/2
    83 | Abyss:2  | Noticed a large abomination
    99 | Abyss:2  | Killed a large abomination
    99 | Abyss:2  | Reached skill level 4 in Fighting
    99 | Abyss:2  | Reached XP level 2. HP: 27/27 MP: 3/3
    99 | Abyss:2  | Reached XP level 3. HP: 33/33 MP: 4/4
   120 | Abyss:2  | Noticed a large abomination
   123 | Abyss:2  | Noticed a shadow dragon skeleton
   155 | Abyss:2  | Noticed a neqoxec
   158 | Abyss:2  | Gained mutation: You are dopey. (Int -2) [a neqoxec]
   183 | Abyss:2  | Noticed an orange demon
   186 | Abyss:2  | Noticed an efreet
   202 | Abyss:2  | Noticed a raiju
   203 | Abyss:2  | Noticed a small abomination
   204 | D:1      | Escaped the Abyss
   578 | D:1      | Reached * piety under Lugonu
   731 | D:1      | Reached XP level 4. HP: 34/40 MP: 5/5
  1013 | D:2      | Found an ornate altar of the Wu Jian Council.
  1298 | D:2      | Reached ** piety under Lugonu
  1411 | D:2      | Reached skill level 1 in Dodging
  1884 | D:3      | Noticed Purgy
  2242 | D:3      | Reached XP level 5. HP: 43/46 MP: 7/7
  2927 | D:3      | Found a runed translucent gate.
  2967 | D:3      | Found a runed translucent gate.
  2967 | D:3      | Found a runed translucent gate.
  2967 | D:3      | Noticed Askman's ghost (amateur DsBr)
  3070 | D:5      | Entered Level 5 of the Dungeon
  3070 | D:5      | Noticed an ogre
  3331 | D:5      | Killed an ogre
  3331 | D:5      | Reached XP level 6. HP: 25/53 MP: 8/8
  3527 | D:5      | Found a glowing silver altar of Zin.
  3527 | D:5      | Found a glowing golden altar of the Shining One.
  3527 | D:5      | Found a white marble altar of Elyvilon.
  3565 | D:5      | Noticed Edmund
  3852 | D:6      | Slain by Edmund

Illustrated notes

Levels and vault maps discovered:
D:1:      roderic_octagonal_star, layout_basic
D:2:      layout_basic, old_standard_altar
D:3:      layout_loops_ring, ebering_ghost_rock_garden,
          kennysheep_pointless_box, uniq_purgy
D:4:      gammafunk_cloud_chamber, layout_basic, minmay_misc_feat_pillars
D:5:      layout_basic, good_gods_mini_temple, bloody_trog,
          lemuel_temple_firewalk_b, enter_ossuary_3, uniq_edmund,
          uniq_eustachio, uniq_grinder
D:6:      layout_loops_ring, regret_index_temple_of_mockery,
          nicolae_ru_awakened_eye, grunt_ministairs_5

Skill      XL: |  1  2  3  4  5 |
---------------+----------------+-----
Fighting       | 4 |  4.4
Axes           | 2 3 |  3.0
Armour         | 2 |  2.8
Dodging        | 1 |  1.4
Invocations    | 3 |  3.1

Action                   |  1- 3 |  4- 6 || total
-------------------------+-------+-------++-------
Melee: Hand axe          |    35 |   242 ||   277
       Kick              |     1 |    47 ||    48
Invok: Depart the Abyss  |     1 |       ||     1
  Use: Scroll            |     3 |     5 ||     8
       Potion            |     1 |     4 ||     5
Armor: Chain mail        |    29 |   186 ||   215
Dodge: Dodged            |    31 |   124 ||   155

Table legend:
 A = Non-vault XP
 B = Vault XP
 C = Vault XP percentage of total XP
 D = Non-vault monster count
 E = Vault monster count
 F = Vault count percentage of total count
                 A         B        C        D         E       F
            +---------+---------+-------+---------+---------+-------
      Total |     431 |       0 |   0.0 |      75 |       0 |   0.0
            +---------+---------+-------+---------+---------+-------
        D:1 |      36 |       0 |   0.0 |      22 |       0 |   0.0
        D:2 |      76 |       0 |   0.0 |      28 |       0 |   0.0
        D:3 |      75 |       0 |   0.0 |      19 |       0 |   0.0
        D:4 |      48 |       0 |   0.0 |       2 |       0 |   0.0
        D:5 |     121 |       0 |   0.0 |       1 |       0 |   0.0
        D:6 |       3 |       0 |   0.0 |       2 |       0 |   0.0
    Abyss:2 |      72 |       0 |   0.0 |       1 |       0 |   0.0
            +---------+---------+-------+---------+---------+-------
